badnik, neutral male gnomish Archeologist ------------------------- ------------------------ |....................... .......?................| |..............%.!!..... ........................| |................./?.... ........................| |....................... ...........*............| |......................... ........................| |......................M..................................................| | .@........................... | ..k..........` ............ ................. .... ............................................... .................... |....................... ...... .............| |....................... .............. .....| |....................... ....?................. |.>.........`........... ..............+.........| |.............!......... ..............[.........| |....................... ........................| ------------------------- ------------------------ badnik the Digger Experience level: 1 Strength: 15 Dexterity: 8 Constitution: 12 Intelligence: 12 Wisdom: 17 Charisma: 9 Health: 0(12) Energy: 3(3) Def: 1 Gold: 46 Moves: 214 Dungeon seed: yPJ-eNu0K_XgU1RH Game ID: badnik_1498648274 Your Inventory: Coins $ - 46 gold pieces Weapons a - a +2 bullwhip Armor e - an uncursed +0 leather jacket (being worn) n - an uncursed +0 fedora (being worn) Comestibles b - 3 uncursed food rations Potions h - an uncursed potion of healing Tools c - a +0 pick-axe (weapon in hand) d - a tinning kit (0:62) f - an uncursed sack g - an uncursed oil lamp (0:1190) Gems q - an uncursed touchstone Spells and supernatural/magical abilities: Name Level Category Fail Memory W - pray for help -- divine ? -- Your skills at the end: Fighting Skills Weapon Skills pick-axe [Basic] whip [Basic] Spellcasting Skills Final Attributes: You were fervently aligned. You had infravision. You were stealthy. You were fast. You are dead. Vanquished creatures: a grid bug Voluntary challenges: You went without food. You were an atheist. You never hit with a wielded weapon. You were a pacifist. You were illiterate. You never genocided any monsters. You never polymorphed an object. You never changed form. You used no wishes. You never split a pudding. You never wrote Elbereth's name. You never violated your personal moral code. Dungeon overview: The Dungeons of Doom: levels 1 to 10 Level 1 a long staircase Level 2 Level 3 Level 4 Level 5 Level 6 Level 7 Level 8 Level 9 a long staircase Level 10 <- You were here History has recorded: On T:1 you entered the Dungeons of Doom to retrieve the Amulet of Yendor! On T:26 you reached level 2 of The Dungeons of Doom. On T:45 you reached level 3 of The Dungeons of Doom. On T:65 you reached level 4 of The Dungeons of Doom. On T:105 you reached level 5 of The Dungeons of Doom. On T:123 you reached level 6 of The Dungeons of Doom. On T:142 you reached level 7 of The Dungeons of Doom. On T:160 you reached level 8 of The Dungeons of Doom. On T:186 you reached level 9 of The Dungeons of Doom. On T:208 you reached level 10 of The Dungeons of Doom. Score breakdown: Gold: 46 ( 5687 points) Experience: 1 level ( 0 points) Exploration: 10 levels ( 20.41%) (12990 points) Discoveries: 0 items ( 0.00%) ( 0 points) Valuables value: (no points given unless you survive) Artifact value: 0 ( 0 points) Variety of kills: 1 monster ( 0.26%) ( 1536 points) Turncount: 214 turns ( 0 points) Survival: died (score multiplied by 80%) Total score: 16170 Latest messages: You continue digging downward. (10x) You dig a hole through the floor. You fall through... You start digging downward. You continue digging downward. The dwarf mummy hits! A dwarf mummy blocks your way. (3x) Where do you want to travel to? You stop travelling. You start digging downward. You continue digging downward. (2x) The dwarf mummy hits! You continue digging downward. You dig a pit in the floor. The dwarf mummy hits! You continue digging downward. (2x) The dwarf mummy hits! You die... The sack is empty. The sack is empty. Your body rises from the dead as a gnome mummy... Final status: Goodbye badnik the Archeologist, killed by a dwarf mummy... You died in The Dungeons of Doom on dungeon level 10 with 16170 points, and 46 pieces of gold, after 214 moves. You were level 1 with a maximum of 12 hit points when you died.